Map: Whirlwind LE (Void)

Players

Musao - Winner!

  • Race: Protoss Protoss
  • Spawn Location: 1:00

Fropez

  • Race: Protoss Protoss
  • League: Gold
  • Spawn Location: 7:00

VOD

Have the link to the VOD?

Description

Time

  • Played on: Jan. 4, 2017, 10:12 p.m.
  • Length: 26:33
Show
View Real Time Build Order
Export as new Build Order

Musao Protoss - Winner!

Build Orders:  

Get SALT Encoding   

  12  0:01  Probe (Chrono Boost)  
  13  0:12  Probe (Chrono Boost)  
  14  0:18  Pylon  
  14  0:22  Probe (Chrono Boost)  
  15  0:37  Probe (Chrono Boost)  
  15  0:38  Gateway  
  16  0:47  Probe (Chrono Boost), Assimilator  
  17  0:58  Probe (Chrono Boost)  
  17  0:59  Pylon  
  18  1:04  Assimilator  
  18  1:08  Probe (Chrono Boost)  
  19  1:18  Gateway  
  19  1:21  Probe (Chrono Boost)  
  20  1:28  Zealot  
  20  1:32  Probe (Chrono Boost)  
  23  1:45  Pylon  
  23  1:51  Zealot  
  23  1:55  Cybernetics Core  
  25  2:06  Zealot  
  27  2:14  Probe (Chrono Boost)  
  28  2:22  Gateway  
  28  2:26  Probe (Chrono Boost)  
  28  2:28  Stalker  
  29  2:34  Stalker  
  33  3:05  Nexus  
  33  3:08  Warp Gate  
  33  3:14  Forge  
  33  3:23  Mothership Core (Chrono Boost)  
  35  3:29  Stalker  
  35  3:30  Sentry  
  35  3:33  Protoss Ground Weapons Level 1  
  39  3:45  Pylon  
  39  3:59  Pylon  
  39  4:04  Sentry  
  39  4:05  Probe (Chrono Boost)  
  43  4:17  Probe (Chrono Boost)  
  43  4:20  Stalker x2  
  47  4:38  Stalker  
  49  4:50  Stalker  
  51  4:54  Stalker  
  53  5:08  Zealot  
  55  5:21  Pylon  
  55  5:30  Pylon  
  53  5:45  Gateway  
  53  5:46  Protoss Ground Armor Level 1  
  53  5:51  Probe (Chrono Boost), Gateway  
  53  5:53  Probe (Chrono Boost)  
  55  5:58  Gateway, Stalker  
  55  6:00  Twilight Council  
  55  6:02  Probe (Chrono Boost)  
  57  6:05  Probe (Chrono Boost)  
  57  6:10  Zealot x2  
  53  6:17  Probe (Chrono Boost)  
  52  6:27  Probe (Chrono Boost)  
  52  6:29  Probe (Chrono Boost)  
  54  6:33  Zealot x2  
  54  6:35  Adept  
  54  6:37  Probe (Chrono Boost)  
  61  6:40  Charge  
  61  6:51  Sentry  
  63  7:14  Zealot x6  
  57  7:35  Zealot x5  
  57  7:36  Zealot, Protoss Ground Weapons Level 2  
  61  7:38  Probe (Chrono Boost)  
  61  7:39  Probe (Chrono Boost)  
  55  7:49  Probe (Chrono Boost)  
  57  7:51  Probe (Chrono Boost)  
  57  8:01  Probe (Chrono Boost)  
  57  8:03  Probe (Chrono Boost)  
  57  8:04  Assimilator  
  59  8:07  Resonating Glaives  
  59  8:08  Assimilator  
  60  8:13  Probe (Chrono Boost)  
  60  8:15  Probe (Chrono Boost)  
  61  8:22  Nexus  
  61  8:24  Adept  
  61  8:25  Adept x3, Pylon, Probe (Chrono Boost)  
  61  8:26  Assimilator  
  70  8:32  Assimilator  
  70  8:45  Probe x2 (Chrono Boost)  
  72  8:49  Zealot x3  
  78  9:08  Pylon  
  78  9:15  Pylon  
  78  9:18  Pylon  
  78  9:20  Pylon  
  78  9:22  Pylon x2  
  78  9:24  Pylon  
  78  9:28  Probe x2 (Chrono Boost)  
  78  9:29  Adept x2  
  78  9:30  Adept  
  86  9:34  Protoss Ground Armor Level 2  
  86  9:49  Stalker x4  
  86  9:50  Sentry  
  86  9:51  Sentry  
  98  10:02  Pylon  
  97  10:13  Zealot x5  
  107  10:21  Sentry  
  109  10:41  Probe (Chrono Boost)  
  109  10:42  Probe x2 (Chrono Boost)  
  80  11:16  Stalker x5  
  80  11:17  Stalker  
  83  11:28  Probe (Chrono Boost)  
  83  11:30  Probe x2 (Chrono Boost)  
  86  11:39  Probe (Chrono Boost)  
  87  11:42  Probe x2 (Chrono Boost)  
  81  12:05  Photon Cannon  
  81  12:07  Photon Cannon  
  81  12:11  Pylon  
  81  12:12  Pylon  
  81  12:13  Pylon  
  81  12:15  Pylon  
  81  12:17  Photon Cannon  
  81  12:18  Photon Cannon  
  81  12:19  Zealot x5  
  81  12:21  Photon Cannon, Zealot  
  91  12:23  Photon Cannon  
  77  12:47  Zealot x3  
  36  13:32  Cybernetics Core  
  30  13:34  Dark Shrine  
  27  13:59  Zealot  
  27  14:01  Zealot  
  31  14:09  Robotics Facility  
  31  14:34  Nexus  
  31  14:37  Pylon  
  31  14:40  Pylon  
  31  14:55  Nexus  
  31  14:57  Pylon  
  31  14:59  Pylon x2  
  31  15:02  Pylon  
  31  15:09  Observer  
  32  15:31  Probe (Chrono Boost)  
  32  15:37  Stalker  
  32  15:38  Stalker x3  
  41  15:43  Probe (Chrono Boost)  
  41  15:55  Probe (Chrono Boost)  
  42  16:02  Stalker x4  
  50  16:09  Probe (Chrono Boost)  
  50  16:10  Probe (Chrono Boost)  
  52  16:17  Forge  
  52  16:23  Probe (Chrono Boost)  
  53  16:26  Zealot x3  
  59  17:04  Dark Templar x3  
  59  17:05  Dark Templar  
  67  17:29  Assimilator  
  67  17:31  Nexus  
  57  17:52  Dark Templar x4  
  55  18:33  Dark Templar x2  
  55  18:34  Dark Templar  
  32  19:45  Dark Templar x2  
  32  19:49  Dark Templar  
  34  19:57  Observer  
  33  20:17  Zealot x2  
  33  20:18  Zealot  
  39  20:51  Pylon, Dark Templar x3  
  39  20:52  Zealot  
  47  20:59  Assimilator  
  43  21:26  Nexus  
  32  21:55  Observer  
  33  22:13  Dark Templar  
  33  22:14  Dark Templar x3  
  41  22:16  Observer  
  41  22:22  Pylon  
  42  22:33  Pylon  
  42  22:35  Pylon  
  42  22:37  Observer  
  42  22:39  Probe (Chrono Boost)  
  44  22:47  Stalker  
  44  22:48  Stalker x3  
  44  22:49  Probe (Chrono Boost)  
  53  23:00  Probe (Chrono Boost)  
  53  23:02  Probe x2 (Chrono Boost)  
  56  23:10  Probe (Chrono Boost)  
  56  23:12  Probe x2 (Chrono Boost)  
  59  23:30  Dark Templar x2  
  59  23:31  Stalker x2  
  68  23:41  Probe x2 (Chrono Boost)  
  68  23:42  Probe (Chrono Boost)  
  70  23:52  Probe (Chrono Boost)  
  71  23:57  Zealot x2  
  75  24:04  Probe (Chrono Boost)  
  75  24:05  Probe x2 (Chrono Boost)  
  77  24:15  Probe x3 (Chrono Boost)  
  80  24:21  Zealot x4  
  88  24:25  Probe (Chrono Boost)  
  89  24:44  Gateway  
  89  24:46  Probe (Chrono Boost)  
  89  24:47  Gateway  
  89  24:49  Gateway  
  89  24:52  Gateway  
  90  25:05  Observer, Nexus  
  89  25:08  Pylon  
  89  25:20  Stalker x4  
  95  25:24  Observer  
  86  25:43  Observer  
  87  25:52  Stalker x2  
  87  25:53  Stalker x4  
  87  25:54  Dark Templar x2  
  103  26:01  Observer  
  104  26:18  Zealot x6  
Show
View Real Time Build Order
Export as new Build Order

Fropez Protoss 

Build Orders: 1 Gate Expand 

Get SALT Encoding   

  12  0:01  Probe (Chrono Boost)  
  13  0:11  Probe (Chrono Boost)  
  14  0:22  Probe (Chrono Boost)  
  15  0:30  Pylon  
  15  0:41  Assimilator  
  15  0:49  Probe (Chrono Boost)  
  16  0:59  Probe (Chrono Boost), Gateway  
  17  1:04  Assimilator  
  17  1:10  Probe (Chrono Boost)  
  18  1:20  Probe (Chrono Boost)  
  19  1:31  Probe (Chrono Boost)  
  20  1:37  Nexus  
  20  1:41  Pylon  
  20  1:52  Pylon  
  20  1:53  Probe (Chrono Boost)  
  21  2:05  Probe (Chrono Boost)  
  22  2:32  Cybernetics Core  
  22  2:34  Probe (Chrono Boost)  
  22  2:35  Gateway  
  22  2:36  Gateway  
  23  2:39  Gateway  
  23  2:45  Probe (Chrono Boost)  
  24  2:55  Pylon, Warp Gate  
  24  3:02  Probe (Chrono Boost)  
  25  3:11  Mothership Core (Chrono Boost)  
  26  3:19  Twilight Council  
  26  3:22  Robotics Facility  
  26  3:27  Stalker  
  31  3:34  Stalker  
  30  3:41  Stalker  
  30  3:44  Probe (Chrono Boost)  
  34  3:49  Probe (Chrono Boost)  
  34  3:55  Probe (Chrono Boost)  
  35  4:01  Probe (Chrono Boost)  
  36  4:03  Blink  
  36  4:05  Probe (Chrono Boost)  
  37  4:13  Probe (Chrono Boost)  
  38  4:19  Immortal  
  42  4:29  Probe x2 (Chrono Boost)  
  42  4:44  Pylon  
  42  5:00  Stalker x3  
  48  5:07  Immortal  
  50  5:17  Probe x2 (Chrono Boost)  
  50  5:18  Assimilator  
  50  5:31  Stalker  
  50  5:32  Stalker  
  54  5:37  Stalker  
  54  5:41  Warp Prism  
  57  5:44  Probe x2 (Chrono Boost)  
  56  6:27  Pylon  
  56  6:29  Pylon  
  56  6:31  Pylon  
  56  6:33  Pylon  
  56  6:40  Gateway  
  56  6:42  Observer, Gateway  
  56  6:45  Gateway  
  56  6:46  Stalker x2  
  61  6:47  Pylon  
  61  6:48  Stalker  
  63  7:12  Pylon  
  54  7:34  Stalker  
  44  7:51  Stalker x3  
  46  7:56  Nexus  
  46  7:57  Pylon  
  50  7:59  Pylon  
  50  8:10  Pylon  
  50  8:13  Pylon  
  50  8:17  Assimilator  
  50  8:23  Forge  
  50  8:24  Forge  
  50  8:25  Probe x2 (Chrono Boost)  
  52  8:27  Assimilator  
  52  8:28  Immortal  
  56  8:37  Probe x2 (Chrono Boost)  
  58  8:45  Stalker x4  
  58  8:46  Stalker x2  
  70  9:09  Probe (Chrono Boost)  
  73  9:11  Probe x2 (Chrono Boost)  
  73  9:13  Photon Cannon  
  73  9:14  Photon Cannon  
  73  9:16  Photon Cannon  
  73  9:18  Gateway  
  73  9:22  Protoss Ground Armor Level 1  
  73  9:23  Probe (Chrono Boost)  
  74  9:25  Probe (Chrono Boost)  
  74  9:27  Probe (Chrono Boost), Protoss Ground Weapons Level 1  
  76  9:35  Probe (Chrono Boost)  
  77  9:41  Forge  
  77  9:43  Pylon  
  77  9:50  Photon Cannon  
  77  9:58  Probe x2 (Chrono Boost), Dark Shrine  
  79  10:03  Resonating Glaives  
  79  10:04  Protoss Shields Level 1  
  79  10:07  Stalker x3  
  79  10:10  Observer  
  86  10:23  Assimilator  
  86  10:32  Stalker x4  
  94  10:41  Immortal  
  98  10:53  Stalker x3  
  88  11:02  Adept x5  
  65  11:22  Nexus  
  55  11:39  Dark Templar x3  
  61  11:53  Stalker x2  
  61  11:54  Stalker  
  67  12:00  Mothership Core (Chrono Boost)  
  69  12:09  Dark Templar  
  65  12:17  Dark Templar  
  61  12:24  Dark Templar x2  
  61  12:29  Protoss Shields Level 2  
  60  12:44  Protoss Ground Armor Level 2, Protoss Ground Weapons Level 2  
  58  13:04  Dark Templar x2  
  54  13:15  Dark Templar x2  
  54  13:27  Dark Templar  
  53  13:29  Probe (Chrono Boost)  
  54  13:39  Archon  
  54  14:23  Probe (Chrono Boost)  
  55  14:27  Assimilator  
  55  14:28  Pylon  
  55  14:31  Assimilator  
  55  14:34  Probe (Chrono Boost)  
  55  14:37  Stalker  
  58  14:40  Observer  
  58  14:44  Probe (Chrono Boost)  
  60  14:55  Probe (Chrono Boost), Dark Templar x3  
  67  15:05  Probe (Chrono Boost)  
  68  15:18  Stalker x2  
  68  15:19  Stalker  
  74  15:22  Pylon  
  74  15:42  Stalker x4  
  80  15:54  Observer  
  77  16:02  Stalker x2  
  81  16:31  Pylon  
  81  16:39  Pylon  
  81  16:41  Nexus  
  81  16:44  Assimilator  
  81  16:49  Assimilator  
  81  16:51  Pylon  
  73  17:02  Pylon  
  73  17:04  Stalker x2  
  73  17:05  Stalker x4  
  87  17:09  Probe x2 (Chrono Boost)  
  87  17:12  Probe (Chrono Boost)  
  88  17:21  Probe x2 (Chrono Boost)  
  90  17:23  Probe (Chrono Boost)  
  91  17:33  Probe x2 (Chrono Boost)  
  91  17:34  Probe (Chrono Boost)  
  80  17:44  Dark Templar  
  80  17:45  Probe (Chrono Boost), Dark Templar x3  
  80  17:46  Probe (Chrono Boost)  
  82  18:16  Observer  
  76  18:21  Stalker x2  
  76  18:26  Photon Cannon  
  76  18:31  Photon Cannon  
  76  18:32  Robotics Facility  
  76  18:33  Pylon, Gateway  
  65  18:35  Observer  
  65  18:38  Gateway  
  64  18:51  Stalker  
  64  18:52  Stalker x2  
  64  18:53  Observer  
  62  19:00  Dark Templar  
  57  19:16  Dark Templar  
  54  19:34  Dark Templar  
  54  19:54  Protoss Ground Armor Level 3  
  54  19:56  Gateway  
  54  19:58  Gateway  
  54  20:01  Gateway  
  54  20:03  Gateway x2  
  54  20:04  Observer  
  54  20:06  Pylon x2  
  55  20:18  Protoss Ground Weapons Level 3  
  55  20:24  Nexus  
  55  20:25  Observer  
  55  20:26  Probe (Chrono Boost)  
  55  20:27  Probe (Chrono Boost)  
  55  20:28  Probe x2 (Chrono Boost), Assimilator  
  60  20:32  Assimilator  
  60  20:35  Pylon  
  60  20:45  Dark Templar x2  
  60  20:46  Nexus  
  60  20:47  Observer, Pylon  
  65  21:00  Stalker x5  
  64  21:36  Dark Templar  
  64  21:37  Dark Templar x2  
  62  21:41  Dark Templar x2  
  64  21:51  Pylon  
  62  21:54  Pylon  
  62  22:08  Nexus  
  62  22:11  Assimilator  
  62  22:15  Pylon  
  62  22:19  Pylon  
  62  22:20  Stalker  
  64  22:24  Probe (Chrono Boost)  
  64  22:26  Probe x2 (Chrono Boost)  
  67  22:31  Zealot  
  67  22:32  Pylon  
  67  22:34  Stalker  
  71  22:39  Photon Cannon  
  71  22:43  Photon Cannon  
  70  22:47  Photon Cannon  
  70  22:55  Pylon, Photon Cannon  
  70  22:57  Photon Cannon  
  70  23:00  Pylon  
  70  23:05  Assimilator  
  70  23:07  Pylon  
  70  23:08  Assimilator  
  70  23:11  Pylon  
  70  23:17  Pylon  
  68  23:21  Stalker  
  68  23:22  Stalker x4  
  74  23:35  Stalker x2  
  74  23:36  Pylon  
  74  23:39  Probe x2 (Chrono Boost)  
  82  23:41  Probe x2 (Chrono Boost)  
  82  23:55  Stalker x2  
  71  24:19  Observer  
  71  24:22  Stalker x2  
  71  24:23  Stalker x3  
  79  24:37  Observer  
  67  24:42  Stalker x3  
  64  25:04  Dark Templar x2  
  64  25:05  Dark Templar x3  
  62  25:18  Dark Templar x2  
  60  25:53  Nexus  
  60  25:54  Observer  
  61  25:58  Assimilator  
  61  25:59  Templar Archives  
  61  26:02  Assimilator  
  61  26:22  Stalker x6  
Tags
 
League
Gold
Matchup
PvP
Replay Pack
All Mines
Spawn Locations
Cross Positions
Add a new tag
Caveats
  • Supply blocks, unpowered buildings, or Contaminate may cause inaccurate times.
  • Supply counts are checked every 10 seconds.